 Dungeon Crawl Stone Soup version 0.22-a0-579-gb62a27e (webtiles) character file.

308 EazyBreezy the Ogre Mage (level 6, -7/57 HPs)
             Began as an Ogre Fire Elementalist on July 1, 2018.
             Was an Initiate of Makhleb.
             Mangled by an orc wizard
             ... wielding a +2 dagger of electrocution
              (19 damage)
             ... on level 5 of the Dungeon.
             The game lasted 00:17:53 (4027 turns).

EazyBreezy the Ogre Mage (Ogre Fire Elementalist)   Turns: 4027, Time: 00:17:58

Health: -7/57      AC:  7    Str: 13    XL:     6   Next: 40%
Magic:  0/12       EV: 10    Int: 17    God:    Makhleb [......]
Gold:   241        SH:  0    Dex: 10    Spells: 3/13 levels left

rFire    . . .     SeeInvis .   j - +1 morningstar
rCold    . . .     Gourm    .   (no shield)
rNeg     . . .     Faith    .   a - +1 robe
rPois    .         Spirit   .   (helmet restricted)
rElec    .         Reflect  .   (no cloak)
rCorr    .         Harm     .   (gloves unavailable)
MR       +....                  (boots unavailable)
Stlth    ++........             (no amulet)
HPRegen  0.19/turn              b - +3 ring of protection
MPRegen  0.13/turn              g - ring of protection from magic

@: very slightly contaminated
A: large, unfitting armour, tough skin 1
a: Renounce Religion


You were on level 5 of the Dungeon.
You worshipped Makhleb.
Makhleb was noncommittal.
You were not hungry.

You visited 1 branch of the dungeon, and saw 5 of its levels.

You collected 241 gold pieces.

Inventory:

Hand Weapons
 j - a +1 morningstar (weapon)
Armour
 a - a +1 robe (worn)
Jewellery
 b - a +3 ring of protection (left hand)
 g - a ring of protection from magic (right hand)
Scrolls
 m - a scroll of teleportation
Potions
 d - a potion of berserk rage {unknown}
 e - a potion of degeneration {unknown}
 f - a potion of resistance
 h - a potion of agility {unknown}
 i - a potion of lignification {unknown}
 k - 2 potions of curing {unknown}
Comestibles
 c - 5 rations


   Skills:
 * Level 2.1 Fighting
 * Level 1.6 Maces & Flails
 * Level 2.5 Dodging
 - Level 1.4 Stealth
 * Level 4.1 Spellcasting
 * Level 2.3 Conjurations
 * Level 3.9 Fire Magic
 * Level 0.1 Invocations


You had 3 spell levels left.
You knew the following spells:

 Your Spells              Type           Power        Failure   Level  Hunger
a - Flame Tongue          Conj/Fire      ##...        4%          1    None
b - Throw Flame           Conj/Fire      ##....       6%          2    ##.....
c - Conjure Flame         Conj/Fire      ##......     13%         3    ###....
d - Sticky Flame          Conj/Fire      ##......     38%         4    ####...

Your spell library contained the following spells:

 Spells                   Type           Power        Failure   Level  Hunger
 Fireball                 Conj/Fire      ##........   75%         5    ######.
 Inner Flame              Hex/Fire       ##......     21%         3    ###....


Dungeon Overview and Level Annotations

Branches:
Dungeon (5/15)
 Temple: D:4-7

Altars:
Kikubaaqudgha
Makhleb
Yredelemnul
Zin


Innate Abilities, Weirdness & Mutations

You are too large for most types of armour.
You have tough skin. (AC +1)


Message History

Aiming: Flame Tongue (safe; 4% risk of failure)
Press: ? - help, Shift-Dir - straight line, f/p - orc wizard
Aim: an orc wizard, wielding a dagger of electrocution and wearing a robe (severely wounded)
The flame tongue hits the orc wizard.
The orc wizard appears unharmed.
The orc wizard is severely wounded.
The orc wizard closely misses you.
You closely miss the orc wizard.
The orc wizard is severely wounded.
The orc wizard hits you but does no damage.
You completely miss the orc wizard.
The orc wizard is severely wounded.
The orc wizard closely misses you.
You hit the orc wizard.
The orc wizard is almost dead.
The orc wizard casts a spell.
The orc wizard seems to speed up.
The orc wizard hits you with a dagger of electrocution.
* * * LOW HITPOINT WARNING * * *
You are electrocuted!
You die...

.........###
...........##
............##
.............#
#............#
#......)...#.#
#.....o.....#
#....@..#
##.....#..#
##...##.##
#..<...#
##....##
#....# ##...#
#..## #..#


You could see an orc wizard.

Vanquished Creatures
  A hound (D:4)
  An orc wizard (D:5)
  2 iguanas
  A worker ant (D:4)
  5 adders
  4 oozes
  3 worms
  11 dart slugs
  8 orcs
  10 bats
  3 giant cockroaches
  8 goblins
  3 hobgoblins (D:2)
  2 jackals (D:2)
  2 quokkas
  3 frilled lizards
  8 kobolds
  11 rats
86 creatures vanquished.

Notes
Turn   | Place    | Note
-------+----------+-------------------------------------------
     0 | D:1      | EazyBreezy the Ogre Fire Elementalist began the quest for the Orb.
     0 | D:1      | Reached XP level 1. HP: 16/16 MP: 3/3
   123 | D:1      | Reached skill level 1 in Conjurations
   123 | D:1      | Reached XP level 2. HP: 24/24 MP: 0/5
   293 | D:1      | Learned a level 2 spell: Throw Flame
   658 | D:2      | Reached XP level 3. HP: 25/32 MP: 0/7
  1184 | D:2      | Reached skill level 1 in Fighting
  1184 | D:2      | Reached skill level 3 in Spellcasting
  1267 | D:2      | Reached XP level 4. HP: 41/41 MP: 1/8
  1451 | D:2      | Found an ancient bone altar of Kikubaaqudgha.
  1888 | D:2      | You fall through a shaft!
  2213 | D:3      | Reached skill level 1 in Maces & Flails
  2463 | D:3      | Reached XP level 5. HP: 48/48 MP: 1/10
  2539 | D:3      | Learned a level 3 spell: Conjure Flame
  2544 | D:3      | Learned a level 4 spell: Sticky Flame
  3342 | D:4      | Reached XP level 6. HP: 53/57 MP: 0/11
  3442 | D:4      | Reached skill level 4 in Spellcasting
  3529 | D:4      | Found a basalt altar of Yredelemnul.
  3800 | D:4      | Found a burning altar of Makhleb.
  3802 | D:4      | Found a glowing silver altar of Zin.
  3802 | D:4      | Noticed an angel
  3803 | D:4      | Noticed a cacodemon
  3805 | D:4      | Became a worshipper of Makhleb the Destroyer
  3886 | D:5      | Entered Level 5 of the Dungeon
  4027 | D:5      | Mangled by an orc wizard

Vault maps used:
D:1:      minmay_arrival_arboretum_small, due_unseen_surprise
D:2:      overflow_temple_1_default
D:3:      kennysheep_slugbush, first_ration
D:4:      grunt_temple_overflow_order_and_chaos_2, yredelemnul_altar_generic,
          due_unseen_surprise
D:5:      gammafunk_temple_overflow_claw, minmay_temple_entry_poolview

Skill      XL: |  1  2  3  4  5  6 |
---------------+-------------------+-----
Conjurations   | 1 2 |  2.3
Fire Magic     | 3 |  3.9
Dodging        | 2 |  2.5
Fighting       | 1 2 |  2.1
Spellcasting   | 3 4 |  4.1
Maces & Flails | 1 |  1.6
Stealth        | |  1.4
Invocations    | |  0.1

Action                   |  1- 3 |  4- 6 || total
-------------------------+-------+-------++-------
Melee: Unarmed           |     3 |       ||     3
       Hand axe          |     4 |       ||     4
       Mace              |    42 |     8 ||    50
       Morningstar       |       |    44 ||    44
 Cast: Flame Tongue      |    34 |    42 ||    76
       Throw Flame       |    17 |    73 ||    90
  Use: Scroll            |     2 |     6 ||     8
  Eat: Ration            |     1 |     4 ||     5
Armor: Robe              |    36 |    42 ||    78
Dodge: Dodged            |    50 |    54 ||   104

Table legend:
 A = Spawn XP
 B = Non-spawn XP
 C = Spawn XP percentage of total XP
 D = Spawn monster count
 E = Non-spawn monster count
 F = Spawn count percentage of total count
 G = Total turns spent on level
                    A         B        C        D         E        F      G
               +---------+---------+-------+---------+---------+-------+---------
         Total |       0 |     441 |   0.0 |       0 |      86 |   0.0 |  4027
               +---------+---------+-------+---------+---------+-------+---------
           D:1 |       0 |      25 |   0.0 |       0 |      13 |   0.0 |   631
           D:2 |       0 |     109 |   0.0 |       0 |      33 |   0.0 |  1512
           D:3 |       0 |     131 |   0.0 |       0 |      31 |   0.0 |  1012
           D:4 |       0 |     134 |   0.0 |       0 |       7 |   0.0 |   821
           D:5 |       0 |      42 |   0.0 |       0 |       2 |   0.0 |    51
               +---------+---------+-------+---------+---------+-------+---------
